 Dungeon Crawl Stone Soup version 0.19.0-20-gbc5f0c6 (webtiles) character file.

170 nikopol the Shield-Bearer (level 5, 0/34 HPs)
             Began as a Gargoyle Fighter on Nov 17, 2016.
             Slain by a bullfrog (2 damage)
             ... on level 3 of the Dungeon.
             The game lasted 00:04:19 (1735 turns).

nikopol the Shield-Bearer (Gargoyle Fighter)        Turns: 1735, Time: 00:04:20

Health: 0/34       AC: 11    Str: 20    XL:     5   Next: 51%
Magic:  5/5        EV:  7    Int:  9    God:
Gold:   67         SH:  9    Dex:  9    Spells: 0 memorised, 4 levels left

rFire  . . .     SeeInvis .     a - +0 war axe
rCold  . . .     Gourm    .     b - +0 scale mail
rNeg   + . .     Faith    .     c - +0 shield
rPois  ∞         Spirit   .     (no helmet)
rElec  +         Reflect  .     (no cloak)
rCorr  .         Harm     .     (no gloves)
MR     .....                    (no boots)
Stlth  ..........               (no amulet)
                                (no ring)
                                (no ring)

@: no status effects
A: negative energy resistance 1, electricity resistance, unbreathing,
petrification resistance, rot immunity, AC +4
a: no special abilities


You were on level 3 of the Dungeon.
You were not hungry.

You visited 1 branch of the dungeon, and saw 3 of its levels.

You collected 67 gold pieces.

Inventory:

Hand Weapons
 a - a +0 war axe (weapon)
Armour
 b - a +0 scale mail (worn)
 c - a +0 shield (worn)
Jewellery
 k - an uncursed ring of magical power {unknown}
 q - an uncursed ring of fire {unknown}
 y - an uncursed ring of fire {unknown}
Scrolls
 e - 8 scrolls of identify {unknown}
 h - 2 scrolls of remove curse {unknown}
 i - a scroll of blinking {unknown}
 m - 2 scrolls of magic mapping {unknown}
 n - a scroll of random uselessness {unknown}
 o - a scroll of teleportation {unknown}
 p - a scroll of noise {unknown}
 t - a scroll of recharging {unknown}
 v - a scroll of amnesia {unknown}
Potions
 d - 4 potions of might
 j - a potion of degeneration {unknown}
 l - a potion of curing {unknown}
 r - 2 potions of lignification {unknown}
 s - a potion of magic {unknown}
 u - a potion of agility {unknown}
 x - a potion of flight {unknown}
 A - a potion of mutation {unknown}
Comestibles
 f - 3 bread rations
 g - 3 fruits
 w - 2 beef jerkies
 z - 9 chunks of flesh


   Skills:
 + Level 4.3 Fighting
 + Level 2.9 Axes
 + Level 4.2 Armour
 + Level 4.4 Shields


You had 4 spell levels left.
You didn't know any spells.

Dungeon Overview and Level Annotations

Branches:
Dungeon (3/15)

Altars:
Nemelex Xobeh
Xom

Annotations:
D:3 Sigmund


Innate Abilities, Weirdness & Mutations

You are resistant to torment.
Your stone body is resilient. (AC +4)
You are immune to poison.
You resist negative energy. (rN+)
You are resistant to electric shocks. (rElec)
You can survive without breathing.
You are immune to petrification.
You are immune to rotting.


Message History

Sigmund is heavily wounded.
You slash the bullfrog! The bullfrog barely misses you.
You block the bullfrog's attack. Sigmund hits you but does no damage.
You closely miss Sigmund.
Sigmund is heavily wounded.
You slash the bullfrog!
The bullfrog hits you but does no damage. x2
Sigmund hits you with a scythe of venom!
* * * LOW HITPOINT WARNING * * *
Your shield and scale mail prevent you from hitting the bullfrog.
The bullfrog is almost dead.
You closely miss Sigmund.
The bullfrog swells and bulges.
The bullfrog closely misses you. The bullfrog hits you.
* * * LOW HITPOINT WARNING * * *
You block Sigmund's attack.
Your shield and scale mail prevent you from hitting the bullfrog.
The bullfrog is almost dead.
You slash Sigmund! You block the bullfrog's attack. The bullfrog hits you.
You die...

#..#.# #...# ###..#.#
##### ....#.# #######
###.##.#####.#......
##............#.#####
#....#.########.#
#..#.#..........#
#..##############
#..F@@...... #
#.###l...... # #.
...?... # #. ......%
# #F )=..... # #.
#+##### # #. # # #


You could see Sigmund, a bullfrog and a frilled lizard.

Vanquished Creatures
  Jessica (D:2)
  Terence (D:2)
  An orc wizard (D:3)
  Robin (D:3)
  An adder (D:2)
  An ooze (D:1)
  A dart slug (D:2)
  2 leopard geckos
  3 orcs (D:3)
  A ball python (D:3)
  13 goblins
  12 hobgoblins
  4 jackals (D:1)
  6 bats
  2 frilled lizards
  7 kobolds
  5 rats
62 creatures vanquished.

Notes
Turn   | Place    | Note
-------+----------+-------------------------------------------
     0 | D:1      | nikopol the Gargoyle Fighter began the quest for the Orb.
     0 | D:1      | Reached XP level 1. HP: 14/14 MP: 1/1
    44 | D:1      | Reached XP level 2. HP: 16/19 MP: 2/2
   449 | D:1      | Reached XP level 3. HP: 20/23 MP: 3/3
   671 | D:2      | Found a sparkling altar of Nemelex Xobeh.
   877 | D:2      | Noticed Terence
   879 | D:2      | Noticed Jessica
   901 | D:2      | Killed Terence
   901 | D:2      | Reached XP level 4. HP: 27/29 MP: 4/4
   904 | D:2      | Killed Jessica
  1235 | D:3      | Found a shimmering altar of Xom.
  1486 | D:3      | Reached XP level 5. HP: 31/33 MP: 5/5
  1545 | D:3      | Noticed Robin
  1570 | D:3      | Killed Robin
  1724 | D:3      | Noticed Sigmund
  1735 | D:3      | Slain by a bullfrog

Skill      XL: |  1  2  3  4 |
---------------+-------------+-----
Axes           | 2 |  2.9
Armour         | 4 |  4.2
Shields        | 4 |  4.4
Fighting       | 4 |  4.3

Action                   |  1- 3 |  4- 6 || total
-------------------------+-------+-------++-------
Melee: War axe           |   118 |    93 ||   211
  Eat: Chunk             |       |     3 ||     3
Armor: Scale mail        |    83 |    65 ||   148
Dodge: Dodged            |    43 |    46 ||    89
Block: Shield            |    86 |    56 ||   142
